 Dungeon Crawl Stone Soup version 0.24.0-37-gcf1ca852f1 (webtiles) character file.

Game seed: 14382160723949740882, levelgen mode: deterministic

57 Mrkan the Sneak (level 3, 0/16 HPs)
             Began as a Spriggan Enchanter on Nov 25, 2019.
             Succumbed to an adder's poison
             ... on level 2 of the Dungeon.
             The game lasted 00:02:41 (1620 turns).

Mrkan the Sneak (Spriggan Enchanter)                Turns: 1620, Time: 00:02:41

Health: 0/16       AC:  2    Str:  4    XL:     3   Next: 73%
Magic:  8/8        EV: 19    Int: 16    God:
Gold:   66         SH:  0    Dex: 17    Spells: 6/7 levels left

rFire    . . .     SeeInvis +   a - +1 dagger
rCold    . . .     Gourm    .   (shield restricted)
rNeg     . . .     Faith    .   b - +0 robe
rPois    .         Spirit   .   (helmet restricted)
rElec    .         Reflect  .   (no cloak)
rCorr    .         Harm     .   (gloves unavailable)
MR       .....                  (boots unavailable)
Stlth    +++.......             (no amulet)
HPRegen  0.05/turn              (no ring)
MPRegen  0.11/turn              (no ring)

@: lethally poisoned (0 -> -7), very quick
A: very small, unfitting armour, see invisible, herbivore, speed 3, slow
metabolism 2
a: no special abilities


You were on level 2 of the Dungeon.
You were not hungry.

You visited 1 branch of the dungeon, and saw 2 of its levels.

You collected 66 gold pieces.

Inventory:

Hand Weapons
 a - a +1 dagger (weapon)
 f - a +0 short sword of draining
Armour
 b - a +0 robe (worn)
 i - a +2 cloak
Jewellery
 c - an uncursed ring of protection from fire {unknown}
 k - an uncursed ring of protection from fire {unknown}
Scrolls
 e - 2 scrolls of teleportation {unknown}
 j - a scroll of fog {unknown}
Potions
 g - a potion of lignification {unknown}
 h - a potion of curing {unknown}
Comestibles
 d - 2 rations


   Skills:
 + Level 2.1 Short Blades
 + Level 3.9 Dodging
 + Level 5.3 Stealth
 - Level 2.6 Spellcasting
 + Level 4.2 Hexes


You had 6 spell levels left.
You knew the following spells:

 Your Spells              Type           Power        Failure   Level  Hunger
a - Corona                Hex            ###....      3%          1    #......

Your spell library contained the following spells:

 Spells                   Type           Power        Failure   Level  Hunger
 Confuse                  Hex            ###.....     10%         3    ###....
 Tukima's Dance           Hex            ###.....     10%         3    ###....
 Ensorcelled Hibernation  Hex/Ice        #.....       12%         2    ##.....
 Dazzling Spray           Conj/Hex       #.....       24%         3    ###....


Dungeon Overview and Level Annotations

Branches:
Dungeon (2/15)

Altars:


Innate Abilities, Weirdness & Mutations

You are very small and have problems with some larger weapons.
You are too small for most types of armour.
You have supernaturally acute eyesight. (SInv)
You are a herbivore.
You cover ground extremely quickly.
You need to consume almost no food.


Message History

You hit the adder.
The adder is lightly wounded.
The adder bites you.
You closely miss the adder.
The adder is lightly wounded.
The adder barely misses you.
You miss the adder.
The adder is lightly wounded.
The adder bites you. x2
* * * LOW HITPOINT WARNING * * *
The rat misses you.
You barely miss the adder.
The adder is lightly wounded.
The adder bites you.
* * * LOW HITPOINT WARNING * * *
You are lethally poisoned!
The adder poisons you!
You hit the adder.
The adder is moderately wounded.
You die...

#..........#
#..........# .#
#..........# ##.#
#..........# ....
####....>.## ### ..#
#####..# ..#...# #
#..####.#...#.#
#..##..Sr.....#
#..##.#@#..#
#..##......#
#..##...#######
#.............#
####...#.#.#..<..#
#......#.#.####..#
#######........#.####..#
......#......#.)........
#.....###..#.#........


You could see an adder and a rat.

Vanquished Creatures
  An adder (D:2)
  An ooze (D:1)
  2 dart slugs (D:1)
  3 leopard geckos
  8 bats
  2 giant cockroaches
  4 goblins
  5 hobgoblins
  3 kobolds (D:1)
  A ball python (D:1)
  A frilled lizard (D:1)
  2 rats (D:1)
33 creatures vanquished.

Notes
Turn   | Place    | Note
-------+----------+-------------------------------------------
     0 | D:1      | Mrkan the Spriggan Enchanter began the quest for the Orb.
     0 | D:1      | Reached XP level 1. HP: 9/9 MP: 5/5
    63 | D:1      | Reached XP level 2. HP: 9/13 MP: 6/6
   803 | D:1      | Reached skill level 5 in Stealth
   900 | D:1      | Reached XP level 3. HP: 16/16 MP: 8/8
  1620 | D:2      | Succumbed to an adder's poison

Levels and vault maps discovered:
D:1:      nicolae_arrival_washed_ashore, layout_loops_ring
D:2:      layout_basic, zin_treasury, gammafunk_temple_overflow_wave,
          marbit_many_paths, first_ration

Skill      XL: |  1  2  3 |
---------------+----------+-----
Hexes          | 4 |  4.2
Stealth        | 5 |  5.3
Short Blades   | 2 |  2.1
Dodging        | |  3.9
Spellcasting   | |  2.6

Action                   || total
-------------------------++-------
Melee: Dagger            ||   149
 Stab: Sleeping          ||    15
       Distracted        ||     1
Armor: Robe              ||    14
Dodge: Dodged            ||   109
